 Dungeon Crawl Stone Soup version 0.29.0-4-gdea44cf6ec (webtiles) character file.

Game seed: 12762600807751116948

19 qw the Chopper (level 2, -2/17 HPs)
             Began as a Tengu Warper on Aug 28, 2022.
             Slain by a jackal (3 damage)
             ... on level 1 of the Dungeon.
             The game lasted 00:00:02 (584 turns).

qw the Chopper (Tengu Warper)                        Turns: 584, Time: 00:00:03

Health: -2/17      AC:  3    Str: 11    XL:     2   Next: 75%
Magic:  6/6        EV: 11    Int: 13    God:
Gold:   71         SH:  0    Dex: 13    Spells: 5/5 levels left

rFire   . . .      SeeInvis .   a - +0 hand axe
rCold   . . .      Faith    .   (no shield)
rNeg    . . .      Spirit   .   b - +0 leather armour
rPois   .          Reflect  .   (helmet restricted)
rElec   .          Harm     .   (no cloak)
rCorr   .          Rampage  .   (no gloves)
Will    .....                   (boots unavailable)
Stlth   +.........              (no amulet)
HPRegen 0.05/turn               (no ring)
MPRegen 0.10/turn               (no ring)

@: no status effects
A: beak, talons 3
a: no special abilities


You were on level 1 of the Dungeon.
You visited 1 branch of the dungeon, and saw 1 of its levels.

You collected 71 gold pieces.


Innate Abilities, Weirdness & Mutations

You have a beak for a mouth.
You have claws for feet.


   Skills:
 - Level 2.0 Fighting
 + Level 3.5 Axes
 - Level 1.0 Throwing
 - Level 1.1 Armour
 - Level 2.1 Dodging
 - Level 2.0 Spellcasting
 - Level 2.4 Translocations


You had 5 spell levels left.
You didn't know any spells.
Your spell library contained the following spells:

 Spells                   Type           Power      Damage    Failure   Level
 Blink                    Tloc           14%        N/A       19%         2
 Gell's Gravitas          Tloc           7%         N/A       36%         3
 Lesser Beckoning         Tloc           7%         N/A       36%         3
 Teleport Other           Tloc           7%         N/A       36%         3
 Manifold Assault         Tloc           7%         N/A       98%         5

Inventory:

Hand Weapons
 a - a +0 hand axe (weapon)
 h - a +0 flail
Armour
 b - a +0 leather armour (worn)
 d - a +1 hat
 f - a scarf of repulsion
 j - an orb of energy
Jewellery
 l - a +6 ring of intelligence
Scrolls
 c - a scroll of blinking
 e - 2 scrolls of poison {unknown}
 i - a scroll of summoning {unknown}
 k - a scroll of acquirement {unknown}
Potions
 g - a potion of haste {unknown}

Dungeon Overview and Level Annotations

Branches:
Dungeon (1/15)

Altars:


Message History

571 ||| Stepping ~*~*~tactically~*~*~ (stealth).
You barely miss the jackal. The jackal bites you.
The jackal bites you but does no damage.
You closely miss the jackal.
The jackal barks!
Your kick misses the jackal.
The jackal bites you but does no damage.
A jackal comes into view.
You hit the jackal but do no damage. Your peck misses the jackal.
The jackal barely misses you. The jackal bites you.
You closely miss the jackal. You claw the jackal, but do no damage.
You hit the jackal but do no damage. The jackal bites you. x2
You slash the jackal!
You kill the jackal!
You hit the jackal but do no damage. x2
The jackal bites you. x2; The jackal barely misses you.
You hit the jackal. Your peck misses the jackal.
The jackal is heavily wounded.
You barely miss the jackal. The jackal closely misses you.
The jackal misses you. The jackal closely misses you.
You hit the jackal.
You kill the jackal!
You barely miss the jackal. The jackal misses you. The jackal bites you.
You hit the jackal.
The jackal is moderately wounded.
The jackal bites you but does no damage. x2
You hit the jackal. You claw the jackal, but do no damage.
The jackal is moderately wounded.
The jackal bites you but does no damage.
You closely miss the jackal. Your kick misses the jackal.
The jackal is moderately wounded.
The jackal bites you. The jackal closely misses you.
You hit the jackal. Your kick misses the jackal. Your peck misses the jackal.
The jackal is heavily wounded.
The jackal bites you.
You die...

### #.. h #.#h #.#.
#.$ #.# # ##.#.#
#.@h.# #.##.# #.# .#
#.# .# #.# .###
#.##...
##########.#..#
#>.........#.######..
###
#....................


You could see a jackal.

Vanquished Creatures
  A gnoll (D:1)
  A bat (D:1)
  A goblin (D:1)
  2 hobgoblins (D:1)
  2 jackals (D:1)
  2 rats (D:1)
9 creatures vanquished.

Notes
Turn   | Place    | Note
-------+----------+-------------------------------------------
     0 | D:1      | qw the Tengu Warper began the quest for the Orb.
     0 | D:1      | Reached XP level 1. HP: 12/12 MP: 4/4
     0 | D:1      | 0 ||| qw: Version: 0.1-a-89-g26bdef1
     0 | D:1      | 0 ||| qw: Game counter: 1707
     0 | D:1      | 0 ||| qw: Always use a shield: true
     0 | D:1      | 0 ||| qw: God list: Okawaru
     0 | D:1      | 0 ||| qw: Allow faded altars: false
     0 | D:1      | 0 ||| qw: Do Orc after D:15 true
     0 | D:1      | 0 ||| qw: Do second Lair branch before Depths: true
     0 | D:1      | 0 ||| qw: Lair rune preference: random
     0 | D:1      | 0 ||| qw: Plans: Normal
     0 | D:1      | 0 ||| PLANNING D:1-11
   130 | D:1      | Reached skill level 3 in Axes
   130 | D:1      | Reached XP level 2. HP: 7/17 MP: 6/6
   411 | D:1      | 411 ||| Stepping ~*~*~tactically~*~*~ (stealth).
   428 | D:1      | 428 ||| Stepping ~*~*~tactically~*~*~ (stealth).
   445 | D:1      | 445 ||| Stepping ~*~*~tactically~*~*~ (stealth).
   571 | D:1      | 571 ||| Stepping ~*~*~tactically~*~*~ (stealth).
   580 | D:1      | HP: 3/17 [jackal (2)]
   583 | D:1      | HP: 1/17 [jackal (2)]
   584 | D:1      | Slain by a jackal

Levels and vault maps discovered:
D:1:      sevenhm_arrival_forest_fort_small_4, layout_basic, serial_forest,
          infiniplex_forest_end_1, infiniplex_forest_corner_1,
          infiniplex_forest_end_1, infiniplex_forest_lined_3,
          hellmonk_ecumenical_altar_inner_sanctum, kennysheep_pointless_box,
          corexii_corridor_pit

Skill      XL: |  1 |
---------------+----+-----
Axes           | 3 |  3.5
Fighting       | |  2.0
Throwing       | |  1.0
Armour         | |  1.1
Dodging        | |  2.1
Spellcasting   | |  2.0
Translocations | |  2.4

Action                   || total
-------------------------++-------
Melee: Hand axe          ||    22
       Kick              ||     7
       Peck              ||     1
Throw: Boomerang         ||     7
Armor: Leather armour    ||     6
Dodge: Dodged            ||    12

Table legend:
 A = Non-vault XP
 B = Vault XP
 C = Vault XP percentage of total XP
 D = Non-vault monster count
 E = Vault monster count
 F = Vault count percentage of total count
                 A         B        C        D         E       F
            +---------+---------+-------+---------+---------+-------
      Total |      28 |       0 |   0.0 |       9 |       0 |   0.0
            +---------+---------+-------+---------+---------+-------
        D:1 |      28 |       0 |   0.0 |       9 |       0 |   0.0
            +---------+---------+-------+---------+---------+-------
